 Dungeon Crawl Stone Soup version 0.30.0-29-ga12c61a403 (webtiles) character file.

Game seed: 9572743372607914365

31549 H0rd4k the Cruncher (level 13, -1/101 HPs)
             Began as a Human Artificer on June 21, 2023.
             Was an Initiate of Gozag.
             Slain by a catoblepas (4 damage)
             ... while petrified by a catoblepas
             ... on level 4 of the Lair of Beasts.
             The game lasted 00:48:41 (23347 turns).

H0rd4k the Cruncher (Human Artificer)              Turns: 23347, Time: 00:48:42

Health: -1/101     AC: 14    Str: 12    XL:     13   Next: 97%
Magic:  22/22      EV:  2    Int: 16    God:    Gozag
Gold:   975        SH:  0    Dex: 15    Spells: 24/24 levels left

rFire   + . .        a - +10 lajatang "Ilipohej" {holy, rElec}
rCold   . . .        (shield currently unavailable)
rNeg    + + +        d - +3 leather armour {rPois}
rPois   ∞            I - +2 hat
rElec   +            j - +2 cloak
rCorr   .            e - +2 pair of gloves
SInv    .            (no boots)
Will    .....        (no amulet)
Stlth   ++++         c - ring of protection from fire
HPRegen 0.36/turn    N - ring of wizardry
MPRegen 0.18/turn

%: wizardry (x1)
@: petrified
A: no striking features
a: Renounce Religion, Potion Petition, Call Merchant, Bribe Branch


You were on level 4 of the Lair of Beasts.
You worshipped Gozag.
Gozag was pleased with you.
You visited 3 branches of the dungeon, and saw 16 of its levels.
You also visited: Ossuary and Bailey.

You collected 3692 gold pieces.
You spent 1201 gold pieces at shops.
You paid 1516 gold pieces to Gozag.

Inventory:

Hand Weapons
 a - the +10 lajatang "Ilipohej" (weapon) {holy, rElec}
   (You bought it in a shop on level 9 of the Dungeon)

   rElec:     It insulates you from electricity.
 t - the +7 dagger of Feurgh {heavy, SInv}
   (You found it on level 2 of the Dungeon)

   SInv:      It lets you see invisible.
 x - a +2 dagger of draining
 K - a +9 dagger of venom
 R - a +1 falchion of holy wrath
Missiles
 G - 18 poisoned darts (quivered)
Armour
 d - a +3 leather armour of poison resistance (worn)
 e - a +2 pair of gloves (worn)
 j - a +2 cloak (worn)
 m - the +0 buckler "Okuej" {Str+3 Int+6}
   (You found it on level 7 of the Dungeon)

   Str:       It affects your strength (+3).
   Int:       It affects your intelligence (+6).
 v - a +2 robe of fire resistance
 I - a +2 hat (worn)
 T - the +0 leather armour of the Heron {rElec rCorr}
   (You bought it in a shop on level 10 of the Dungeon)

   rElec:     It insulates you from electricity.
   rCorr:     It protects you from acid and corrosion.
Jewellery
 c - a ring of protection from fire (left hand)
 f - a ring of positive energy
 N - a ring of wizardry (right hand)
Wands
 h - a wand of polymorph (12)
 l - a wand of mindburst (18)
 u - a wand of roots (4)
 D - a wand of flame (42)
 E - a wand of light (7)
Scrolls
 b - 2 scrolls of identify
 g - 5 scrolls of vulnerability
 n - a scroll of blinking
 q - 3 scrolls of noise
 r - 2 scrolls of amnesia
 s - 5 scrolls of teleportation
 y - 2 scrolls of silence
 A - 4 scrolls of poison
 L - 3 scrolls of enchant weapon
Potions
 i - 10 potions of curing
 k - 3 potions of lignification
 o - 2 potions of resistance
 p - 4 potions of flight
 w - 3 potions of degeneration
 z - 2 potions of brilliance
 B - a potion of berserk rage
 C - 4 potions of mutation
 F - 10 potions of ambrosia
 H - 5 potions of haste
 J - 2 potions of attraction {unknown}
 M - 3 potions of cancellation {unknown}
 O - 3 potions of invisibility
 P - a potion of experience
 Q - 2 potions of magic {unknown}
 U - a potion of might {unknown}
Miscellaneous
 S - a lightning rod (4/4)


   Skills:
 + Level 9.6 Fighting
 - Level 8.3 Short Blades
 * Level 10.9 Staves
 + Level 2.9 Throwing
 + Level 2.8 Armour
 + Level 8.0 Dodging
 + Level 10.1 Stealth
 + Level 1.6 Unarmed Combat
 * Level 6.1 Spellcasting
 + Level 7.3 Evocations


You had 24 spell levels left.
You didn't know any spells.
Your spell library contained the following spells:

 Spells                   Type           Power      Damage    Failure   Level
 Beastly Appendage        Tmut           8%         N/A       7%          1
 Wereblood                Tmut           4%         N/A       11%         2
 Call Canine Familiar     Summ           4%         N/A       21%         3
 Hailstorm                Conj/Ice       4%         3d4       21%         3
 Portal Projectile        Hex/Tloc       8%         N/A       21%         3
 Spider Form              Tmut/Pois      4%         N/A       21%         3
 Ice Form                 Ice/Tmut       4%         N/A       52%         4
 Leda's Liquefaction      Hex/Erth       2%         N/A       52%         4
 Manifold Assault         Tloc           4%         N/A       52%         4
 Olgreb's Toxic Radiance  Pois           4%         N/A       52%         4
 Dispersal                Tloc           2%         N/A       100%        6
 Discord                  Hex            2%         N/A       100%        8
 Disjunction              Tloc           2%         N/A       100%        8
 Ignition                 Fire           2%         3d3       100%        8
 Simulacrum               Ice/Necr       Unusable   N/A       N/A         6

Dungeon Overview and Level Annotations

Branches:
Dungeon (11/15)            Temple (1/1) D:5            Lair (4/5) D:10
 Shoals (0/4) Lair:2       Spider (0/4) Lair:2          Orc (0/2) D:10
Ossuary (visited)          Bailey (visited)
  Slime: Lair:4-5

Altars:
Ashenzari
Cheibriados
Dithmenos
Elyvilon
Fedhas
Gozag
Hepliaklqana
Kikubaaqudgha
Makhleb
Nemelex Xobeh
Okawaru
Qazlal
Ru
Sif Muna
Trog
Uskayaw
Vehumet
Wu Jian
Xom
Yredelemnul
Zin

Shops:
D:4 :   D:9 (   D:10 [

Portals:
Trove: D:11 (give +4 storm dragon scales)

Annotations:
D:7 1 exclusion
D:9 exclusion: 2 downstairs
D:10 exclusion: downstairs, Harold
D:11 exclusion: boulder beetle, Lodul
Lair:3 exclusion: downstairs
Lair:4 exclusion: catoblepas


Message History

Unknown command.
Unknown command.
Unknown command.
You hit the catoblepas.
The catoblepas is severely wounded.
You are engulfed in calcifying dust.
You feel yourself speed up. The catoblepas closely misses you.
Unknown command.
You hit the catoblepas but do no damage.
The catoblepas is severely wounded.
You are engulfed in calcifying dust.
You are slowing down.
The catoblepas gores you.
You hit the catoblepas.
The catoblepas is severely wounded.
You are engulfed in calcifying dust.
Your limbs have turned to stone.
The catoblepas gores you!
You have turned to stone.
The catoblepas breathes a plume of calcifying dust at you.
The blast of calcifying dust hits you but does no damage.
You are engulfed in calcifying dust.
The catoblepas breathes a plume of calcifying dust at you.
The blast of calcifying dust hits you.
You are engulfed in calcifying dust.
The catoblepas barely misses you.
You are engulfed in calcifying dust.
The catoblepas gores you!
* * * LOW HITPOINT WARNING * * *
The catoblepas breathes a plume of calcifying dust at you.
The blast of calcifying dust hits you!
* * * LOW HITPOINT WARNING * * *
You are engulfed in calcifying dust.
The catoblepas gores you!
* * * LOW HITPOINT WARNING * * *
You are engulfed in calcifying dust.
You recover from your berserk rage.
The catoblepas gores you!!
* * * LOW HITPOINT WARNING * * *
You are engulfed in calcifying dust.
The catoblepas gores you!!
* * * LOW HITPOINT WARNING * * *
You are engulfed in calcifying dust.
The catoblepas gores you!
You die...
Your body crumbles into a pile of gold.

....... #........
......... ######........
........####.#P..........
..........................
......................####
.......................##P
......................####
..........##.P#.#.....P###
........Y@########§...###P
..........# #.§....##.
..........# ##(§..##..
.........## #Y...P##.
.........# #....P###
.........# #..<.###.
.........## #....# ##
.........P# #....# #P
Y..(.....## ##....###.


You could see a catoblepas.

Vanquished Creatures
  Gastronok (D:8)
  2 boulder beetles (Lair:1)
  A death yak (Lair:4)
  2 two-headed ogres
  A fire crab (Lair:2)
  Pikel (D:7)
  3 oklob plants (Lair:3)
  An ugly thing (D:11)
  A manticore (D:11)
  4 black mambas
  Joseph (D:7)
  7 cane toads
  Psyche (D:8)
  A kobold demonologist (D:11)
  3 rime drakes
  6 komodo dragons
  A queen bee (Lair:1)
  2 trolls
  2 hornets
  9 blink frogs
  A culicivora (Lair:2)
  A shadow (D:10)
  A wraith (D:9)
  29 yaks
  4 wyverns
  3 basilisks
  2 vampire mosquitoes (D:10)
  A steam dragon (D:7)
  8 water moccasins
  An acid dragon (D:10)
  Duvessa (D:6)
  17 orc warriors
  An ice beast (D:7)
  8 ogres
  7 centaurs
  3 kobold brigands (D:10)
  13 bullfrogs
  5 gnoll sergeants (D:10)
  A scorpion (D:5)
  Dowan (D:6)
  8 wights
  52 killer bees
  2 howler monkeys
  2 electric eels
  A crimson imp (D:5)
  A jelly (D:6)
  3 hounds
  Crazy Yiuf (D:7)
  6 orc priests
  Jessica (D:3)
  A sleepcap (D:7)
  4 iguanas
  8 orc wizards
  13 mummies (Ossuary)
  A gnoll (D:10)
  9 adders
  3 white imps
  2 ufetubi (D:6)
  2 worms
  2 dart slugs
  50 orcs
  8 ball pythons
  4 bats
  5 endoplasms
  A giant cockroach (D:3)
  5 goblins
  7 hobgoblins
  6 jackals (D:3)
  7 kobolds
  2 quokkas
  2 frilled lizards (D:2)
  A gnoll skeleton (Ossuary)
  3 goblin skeletons (Ossuary)
  4 kobold skeletons (Ossuary)
  6 rats
  11 rat skeletons (Ossuary)
402 creatures vanquished.

Vanquished Creatures (collateral kills)
  A lemure (D:7)
  A phantom (D:6)
  An iguana (D:6)
  2 orcs (D:7)
5 creatures vanquished.

Vanquished Creatures (others)
  A water moccasin (D:8)
  A bullfrog (D:8)
  2 killer bees (D:8)
  A hound (D:4)
  An orc wizard (D:9)
6 creatures vanquished.

Grand Total: 413 creatures vanquished

Notes
Turn   | Place    | Note
-------+----------+-------------------------------------------
     0 | D:1      | H0rd4k the Human Artificer began the quest for the Orb.
     0 | D:1      | Reached XP level 1. HP: 15/15 MP: 1/1
   129 | D:1      | Reached XP level 2. HP: 21/21 MP: 2/2
   425 | D:1      | Found a faded altar of an unknown god.
   465 | D:1      | Reached XP level 3. HP: 20/26 MP: 3/3
   989 | D:2      | Reached XP level 4. HP: 32/32 MP: 4/4
  1017 | D:2      | Identified the +7 dagger of Feurgh {heavy, SInv}
  1323 | D:2      | Reached skill level 1 in Short Blades
  1833 | D:3      | Noticed Jessica
  1841 | D:3      | Reached XP level 5. HP: 35/38 MP: 5/5
  1852 | D:3      | Killed Jessica
  2163 | D:4      | Found Muinoj's Book Boutique.
  2301 | D:4      | Found a sand-covered staircase.
  2310 | Ossuary  | Entered an ossuary
  2353 | Ossuary  | Reached XP level 6. HP: 44/44 MP: 6/6
  3111 | D:4      | Reached XP level 7. HP: 42/50 MP: 7/7
  3274 | D:4      | Found a hide-covered altar of Uskayaw.
  3579 | D:5      | Entered Level 5 of the Dungeon
  3775 | D:5      | Found a staircase to the Ecumenical Temple.
  3804 | Temple   | Entered the Ecumenical Temple
  3865 | Temple   | Became a worshipper of Gozag Ym Sagoz the Greedy
  4590 | D:5      | Reached XP level 8. HP: 58/58 MP: 8/8
  4667 | D:5      | Found a shimmering altar of Xom.
  5118 | D:6      | Found a radiant altar of Vehumet.
  5283 | D:6      | Found a burning altar of Makhleb.
  5436 | D:6      | Found a broken altar of Ashenzari.
  5450 | D:6      | Noticed Duvessa
  5450 | D:6      | Noticed Dowan
  5461 | D:6      | Killed Duvessa
  5462 | D:6      | Reached skill level 5 in Short Blades
  5462 | D:6      | Reached skill level 5 in Stealth
  5499 | D:6      | Killed Dowan
  5732 | D:6      | Found an ornate altar of the Wu Jian Council.
  5734 | D:6      | Found a hazy altar of Hepliaklqana.
  5864 | D:6      | Found a bloodstained altar of Trog.
  5870 | D:6      | Found a basalt altar of Yredelemnul.
  5874 | D:6      | Found an ancient bone altar of Kikubaaqudgha.
  5877 | D:6      | Found an iron altar of Okawaru.
  5878 | D:6      | Found a sacrificial altar of Ru.
  6103 | D:7      | Reached XP level 9. HP: 65/65 MP: 9/9
  6175 | D:7      | Noticed Joseph
  6197 | D:7      | Killed Joseph
  6198 | D:7      | Reached skill level 5 in Evocations
  6278 | D:7      | Noticed Pikel
  6379 | D:7      | Identified the +0 buckler "Okuej" {Str+3 Int+6}
  7045 | D:7      | Killed Pikel
  7046 | D:7      | Reached skill level 5 in Dodging
  7046 | D:7      | Reached skill level 1 in Unarmed Combat
  7483 | D:8      | Reached XP level 10. HP: 22/73 MP: 10/10
  8014 | D:8      | Noticed Maurice
  8123 | D:8      | Noticed Psyche
  8125 | D:8      | Killed Psyche
  8126 | D:8      | Reached skill level 5 in Fighting
  8142 | D:8      | Noticed Gastronok
  8426 | D:8      | Noticed a two-headed ogre
  8430 | D:8      | Killed a two-headed ogre
  8863 | D:9      | Found a blossoming altar of Fedhas.
  9033 | D:9      | Reached XP level 11. HP: 32/81 MP: 11/11
  9145 | D:9      | Found a flagged portal.
  9191 | Bailey   | Entered a bailey
 10554 | D:9      | Reached skill level 1 in Spellcasting
 10734 | D:9      | Found a shimmering blue altar of Sif Muna.
 10769 | D:10     | Entered Level 10 of the Dungeon
 10769 | D:10     | Noticed a two-headed ogre
 11287 | D:10     | Found a staircase to the Orcish Mines.
 11977 | D:9      | Bought a warped long sword for 221 gold pieces
 11977 | D:9      | Identified the +1 long sword "Orhytefoo" {freeze, Dex+8}
                  | (You bought it in a shop on level 9 of the Dungeon)
 11977 | D:9      | Bought an encrusted short sword for 208 gold pieces
 11977 | D:9      | Identified the +4 short sword "Labromeh" {venom, *Slow rC++
                  | Dex+9} (You bought it in a shop on level 9 of the Dungeon)
 11990 | D:9      | Bought a transparent lajatang for 520 gold pieces
 11990 | D:9      | Identified the +10 lajatang "Ilipohej" {holy, rElec} (You
                  | bought it in a shop on level 9 of the Dungeon)
 12033 | D:10     | Found a staircase to the Lair.
 12326 | D:10     | Reached skill level 1 in Staves
 12418 | D:10     | Killed a two-headed ogre
 13027 | D:10     | Reached XP level 12. HP: 80/92 MP: 16/16
 13356 | D:11     | Noticed Lodul
 13710 | D:7      | Found a runed translucent door.
 13711 | D:7      | Noticed Crazy Yiuf
 13719 | D:7      | Killed Crazy Yiuf
 13855 | D:8      | Maurice changed into Maurice the worm
 13855 | D:8      | Noticed Maurice
 13859 | D:8      | Killed Maurice the worm
 13860 | D:8      | Reached skill level 1 in Throwing
 14122 | D:8      | Killed Gastronok
 14615 | D:11     | Noticed Harold
 15628 | D:11     | Noticed a boulder beetle
 15671 | D:11     | Reached skill level 5 in Staves
 15700 | D:11     | Found a portal to a secret trove of treasure.
 15944 | Lair:1   | Entered Level 1 of the Lair of Beasts
 16993 | Lair:2   | Found a staircase to the Shoals.
 17041 | Lair:2   | Noticed a fire crab
 17103 | Lair:2   | Killed a fire crab
 17290 | Lair:2   | Reached XP level 13. HP: 84/101 MP: 19/19
 17398 | Lair:2   | Found a hole to the Spider Nest.
 18730 | Lair:1   | Reached skill level 5 in Spellcasting
 20237 | Lair:1   | Reached skill level 10 in Stealth
 21304 | Lair:3   | Reached skill level 10 in Staves
 22567 | D:10     | Bought a crude leather armour for 252 gold pieces
 22567 | D:10     | Identified the +0 leather armour of the Heron {rElec rCorr}
                  | (You bought it in a shop on level 10 of the Dungeon)
 22849 | Lair:4   | Noticed a catoblepas
 23346 | Lair:4   | HP: 3/101 [catoblepas (9)]
 23347 | Lair:4   | Slain by a catoblepas

Illustrated notes

Levels and vault maps discovered:
D:1:      nicolae_arrival_somewhat_less_tricky_arrival, layout_rooms,
          chequers_ecumenical_altar_island, serial_park_tiny_pond
D:2:      layout_loops_ring, eino_tiny_chamber
D:3:      layout_basic, uniq_jessica
D:4:      layout_basic, mainiacjoe_overflow_brackets,
          lightli_ossuary_entry_decrepit_ruins, serial_shops,
          nicolae_book_shop_shelving
D:5:      layout_basic, marbit_many_paths, minmay_temple_entry_statues_pillars,
          minmay_fire_ice_demons
D:6:      layout_loops_cross, amcnicky_altar_gilded, nicolae_vehumet_radiance,
          evilmike_ruin_ashenzari, nicolae_overflow_hallway_of_the_gods,
          kennysheep_generic_room_13, uniq_duvessa
D:7:      cheibrodos_quashed, layout_gridville, hangedman_decor_opposing,
          kennysheep_generic_room_6, uniq_joseph, uniq_pikel,
          uniq_crazy_yiuf_cottage
D:8:      layout_rooms, chequers_serial_rivers_micro_a, minivault_4,
          kennysheep_big_empty_room, kennysheep_nondescript,
          minmay_misc_feat_cross, minmay_checkerbox, uniq_gastronok,
          uniq_psyche, uniq_maurice
D:9:      layout_rooms, mainiacjoe_overflow_big_doors, enter_bailey_4
D:10:     layout_cave_pools, david_lair_shrubbed,
          kennysheep_orc_monster_closet_entryway
D:11:     layout_rooms, enter_trove_3, solitary_fountain, uniq_harold,
          uniq_lodul
Temple:   nicolae_temple_colour_theory
Lair:1:   layout_roguey [special_room_bee], serial_bayou_shore_b,
          lemuel_fruit_tree, serial_bayou_shore_b, infiniplex_staircase_pool
Lair:2:   statuecave_lemuel, layout_small_grid, shoals_dummy_entry,
          hellmonk_spider_entry_life_and_decay
Lair:3:   minmay_lair_oklob_chamber, layout_cave_pods, serial_bayou_pond_d
Lair:4:   layout_long_grid, nicolae_lair_yak_garden

Skill      XL: |  1  2  3  4  5  6  7  8  9 10 11 12 13 |
---------------+----------------------------------------+-----
Evocations     | 4 5 6 7 |  7.3
Short Blades   | 1 2 3 4 5 6 7 8 |  8.3
Fighting       | 2 3 4 6 8 9 |  9.6
Dodging        | 2 3 4 5 6 7 8 |  8.0
Stealth        | 2 3 4 5 7 9 10 | 10.1
Unarmed Combat | 1 |  1.6
Spellcasting   | 3 4 6 |  6.1
Staves         | 2 7 10 | 10.9
Throwing       | 1 2 |  2.9
Armour         | |  2.8

Action                     |  1- 3 |  4- 6 |  7- 9 | 10-12 | 13-15 || total
---------------------------+-------+-------+-------+-------+-------++-------
  Melee: Club              |    21 |       |       |       |       ||    21
         Spear             |    29 |       |       |       |       ||    29
         Short sword       |    45 |    33 |       |       |       ||    78
         Dagger            |       |   134 |   200 |   532 |       ||   866
         Punch             |       |     1 |     2 |    10 |       ||    13
         Unarmed           |       |       |    10 |       |       ||    10
         Lajatang          |       |       |       |   198 |   323 ||   521
  Throw: Dart              |       |       |       |    16 |    44 ||    60
 Invoke: Call Merchant     |       |       |       |     1 |     1 ||     2
  Evoke: Wand              |       |     2 |    27 |    42 |     2 ||    73
    Use: Potion            |       |       |       |    12 |     1 ||    13
         Scroll            |       |       |       |    25 |     7 ||    32
   Stab: Sleeping          |       |    10 |     5 |    12 |    13 ||    40
         Paralysed         |       |       |    11 |    10 |       ||    21
         Distracted        |       |       |     1 |     7 |     4 ||    12
         Invisible         |       |       |       |     2 |       ||     2
 Armour: Leather armour    |    34 |    31 |    74 |   156 |    44 ||   339
         Robe              |       |       |       |     7 |    49 ||    56
  Dodge: Dodged            |    60 |    93 |   171 |   464 |   209 ||   997
